[Event "*** SCC Grand Prix: Titled Tuesday Blitz"]
[Site "Chess.com"]
[Date "2020.09.08"]
[Round "5"]
[White "Matols"]
[Black "NiranjanNavalgund"]
[Result "0-1"]
[WhiteElo "2258"]
[BlackElo "2439"]
[TimeControl "180+1"]
[EndTime "10:55:50 PDT"]
[Termination "NiranjanNavalgund won by resignation"]

1. d4 Nf6 2. c4 Nc6 3. d5 Ne5 4. Nd2 e6 5. e4 Bb4 6. Qc2 exd5 7. cxd5 O-O 8. Be2 d6 9. a3 Bxd2+ 10. Bxd2 Re8 11.
O-O-O Bd7 12. h3 Ng6 13. Bd3 c6 14. dxc6 Bxc6 15. f3 d5 16. exd5 Qxd5 17. Bc4 Qe5 18. Ne2 Rac8 19. Bc3 Qg5+ 20. Kb1 Bb5 21. Bxb5 Qxb5 22.
Nd4 Qb6 23. Nf5 Nd5 24. Rxd5 Nf4 25. Rd7 Re2 26. Qa4 Rxc3 27. Qb4 Qxb4 28. Rd8+ Qf8 29. Rxf8+ Kxf8 30. bxc3 Nd5 31. Kc1 Nxc3 32. Nd4 Rxg2 33. Re1 Ra2 34. Re3 Nd5 35. Re5 Nf4 36. Nf5 Nd3+ 0-1

[Event "*** SCC Grand Prix: Titled Tuesday Blitz"]
[Site "Chess.com"]
[Date "2020.09.08"]
[Round "5"]
[White "QuintilianoR"]
[Black "Hypercar"]
[Result "1-0"]
[WhiteElo "2609"]
[BlackElo "2413"]
[TimeControl "180+1"]
[EndTime "10:55:51 PDT"]
[Termination "QuintilianoR won by resignation"]

1. d4 d5 2. Nf3 e6 3. c4 Nf6 4.
Nc3 Be7 5. Bf4 O-O 6. e3 c5 7. dxc5 Bxc5 8. Qc2 a6 9. Rd1 Ba7 10.
Be2 Nc6 11. O-O h6 12. a3 Bb8 13. Rfe1 Bxf4 14. exf4 Qc7 15. g3 dxc4 16. Bxc4 Na5 17.
Bd3 b5 18. Ne4 Qxc2 19. Bxc2 Nxe4 20. Bxe4 Bb7 21. Bxb7 Nxb7 22. Rd7 Nc5 23. Rc7 Nd3 24.
Re2 Rfc8 25. Rd7 Nc5 26. Rd1 Rd8 27. Rc1 Nd3 28. Rc3 Rac8 29. Rxc8 Rxc8 30. Rd2 Rc1+ 31.
Kg2 Ne1+ 32. Nxe1 Rxe1 33. Rd8+ Kh7 34. Rd6 a5 35. Rb6 e5 36. Rxb5 exf4 37. Rxa5 fxg3 38.
hxg3 Rb1 39. b4 g5 40. b5 Kg6 41. a4 Kf5 42. b6+ Ke4 43. Rb5 Ra1 44. b7 1-0

[Event "*** SCC Grand Prix: Titled Tuesday Blitz"]
[Site "Chess.com"]
[Date "2020.09.08"]
[Round "5"]
[White "Ladislav1969"]
[Black "parnali1611"]
[Result "0-1"]
[WhiteElo "2350"]
[BlackElo "2177"]
[TimeControl "180+1"]
[EndTime "10:55:52 PDT"]
[Termination "parnali1611 won on time"]

1. e4 e5 2. Bc4 Nf6 3. d3 Bc5 4.
Nc3 d6 5. Nf3 Bg4 6. h3 Be6 7.
Bb3 O-O 8. Bg5 h6 9. Bh4 Nbd7 10. g4 g5 11. Bg3 a5 12. d4 exd4 13.
Nxd4 Qe7 14. O-O Bxb3 15. Nf5 Qe6 16. axb3 Kh7 17. Nd5 Qxe4 18. Nxc7 Rac8 19. Nb5 h5 20. Re1 Qc6 21. Na7 Bxa7 22. Ne7 Qxc2 23. Qxd6 Ne4 24.
Qxd7 Bxf2+ 25. Kh1 Nxg3+ 26. Kg2 Bxe1+ 0-1

[Event "*** SCC Grand Prix: Titled Tuesday Blitz"]
[Site "Chess.com"]
[Date "2020.09.08"]
[Round "5"]
[White "ItsCheckM8Mate"]
[Black "skoularikii"]
[Result "0-1"]
[WhiteElo "2318"]
[BlackElo "2487"]
[TimeControl "180+1"]
[EndTime "10:55:53 PDT"]
[Termination "skoularikii won by checkmate"]

1. e4 e5 2. Nf3 Nc6 3. Bb5 a6 4. Ba4 b5 5. Bb3 Nf6 6. d3 Bc5 7. O-O O-O 8. a4 Rb8 9. c3 d6 10. Nbd2 h6 11. h3 Re8 12. Re1 Be6 13. Bc2 d5 14.
exd5 Qxd5 15. Qe2 Bf5 16. axb5 axb5 17. Ne4 Be7 18. d4 exd4 19. Nxf6+ Bxf6 20. Qxe8+ Rxe8 21. Rxe8+ Kh7 22. Bxf5+ Qxf5 23. cxd4 Nxd4 24. Nxd4 Bxd4 25.
Re2 Qd3 26. Re1 b4 27. Ra8 Qc2 28. Be3 Bxb2 29. Rc8 b3 30. Bf4 c6 31. Rc7 c5 32.
Ree7 Bf6 33. Rxf7 b2 34. Rxf6 b1=Q+ 35. Kh2 Qxf2 36. Rxh6+ Kg8 37. Bg3 Qbg1# 0-1

[Event "*** SCC Grand Prix: Titled Tuesday Blitz"]
[Site "Chess.com"]
[Date "2020.09.08"]
[Round "5"]
[White "kngopal"]
[Black "Justinz"]
[Result "0-1"]
[WhiteElo "2228"]
[BlackElo "2400"]
[TimeControl "180+1"]
[EndTime "10:55:54 PDT"]
[Termination "Justinz won by resignation"]

1. e4 c5 2. c4 d6 3. Nc3 Nf6 4. g3 Nc6 5. Bg2 g6 6. Nge2 Bg7 7. O-O O-O 8. d3 a6 9. Rb1 Rb8 10. a4 Ne8 11. h3 Nc7 12. Kh2 b5 13. axb5 axb5 14.
b3 b4 15. Nd5 Ne6 16. Bb2 Ned4 17. Nxd4 Nxd4 18. f4 e6 19. Ne3 f5 20. exf5 gxf5 21. Bxd4 Bxd4 22. Nc2 Bc3 23. d4 Qf6 24. dxc5 dxc5 25.
Qd6 Bb7 26. Qxc5 Bxg2 27. Kxg2 Ra8 28. Rf2 Rfd8 29. Rbf1 Qg7 30. Qc6 Qe7 31. Re2 Ra2 32. Rff2 Rd6 33. Qc8+ Kf7 34. Ne3 Rd8 35. Qc6 Rxe2 36.
Rxe2 Rd6 37. Qf3 Qd7 38. Qh5+ Kg7 39. Qg5+ Kh8 40. Qf6+ Bxf6 41. g4 Qb7+ 42. Kh2 Qe4 0-1

[Event "*** SCC Grand Prix: Titled Tuesday Blitz"]
[Site "Chess.com"]
[Date "2020.09.08"]
[Round "5"]
[White "KaterynaLagno"]
[Black "ViktoriyaTarasova"]
[Result "1-0"]
[WhiteElo "2694"]
[BlackElo "2232"]
[TimeControl "180+1"]
[EndTime "10:55:55 PDT"]
[Termination "KaterynaLagno won on time"]

1. e4 c5 2. Nf3 d6 3. Bb5+ Nd7 4. Ba4 e5 5. O-O Nf6 6. Re1 Be7 7. c3 O-O 8. d4 Qc7 9. Na3 a6 10. Bxd7 Nxd7 11. dxe5 Nxe5 12. h3 b5 13. Nc2 Bb7 14. Nxe5 dxe5 15. Qg4 Rad8 16. Bh6 Bf6 17. Ne3 Kh8 18. Bg5 Bxg5 19. Qxg5 Bxe4 20. Rad1 f6 21.
Qg4 Bg6 22. Qe6 a5 23. Qa6 b4 24. Nd5 Qf7 25. c4 Ra8 26. Qb6 Rfc8 27. Ne3 Qe7 28.
Rd2 Rcb8 29. Qc6 Rc8 30. Qf3 Qe6 31. Red1 a4 32. Rd6 Qe8 33. Qd5 Bf7 34. Qb7 Rab8 35. Qe4 Rd8 36. Nf5 Bg6 37. Qd5 Bxf5 38. Rxd8 1-0

[Event "*** SCC Grand Prix: Titled Tuesday Blitz"]
[Site "Chess.com"]
[Date "2020.09.08"]
[Round "5"]
[White "Alindsay211"]
[Black "JRenatoMaranhao"]
[Result "1/2-1/2"]
[WhiteElo "2314"]
[BlackElo "2034"]
[TimeControl "180+1"]
[EndTime "10:55:57 PDT"]
[Termination "Game drawn by repetition"]

1. d4 c6 2. e4 d5 3. Nc3 dxe4 4. Nxe4 Bf5 5. Ng3 Bg6 6. h4 h5 7. Nf3 Nd7 8. Bd3 Bxd3 9. Qxd3 Ngf6 10. c3 e6 11. Bg5 Bd6 12. Ne4 Qc7 13. Nxd6+ Qxd6 14. O-O-O O-O-O 15. Bxf6 gxf6 16. g3 Qd5 17. Kb1 c5 18. dxc5 Qxd3+ 19. Rxd3 Nxc5 20. Re3 Rd7 21. Kc2 Rhd8 22. Nd4 e5 23. Nb3 Nxb3 24. Kxb3 Rd2 25. Rf3 R8d6 26. Rb1 Rb6+ 27. Ka3 Ra6+ 28. Kb4 Rb6+ 29.
Kc4 Rc6+ 30. Kb4 Rb6+ 31. Ka3 Ra6+ 32. Kb3 Rb6+ 33. Kc4 Rc6+ 34. Kb5 Rb6+ 35. Ka5 Ra6+ 36. Kb4 Rb6+ 1/2-1/2

[Event "*** SCC Grand Prix: Titled Tuesday Blitz"]
[Site "Chess.com"]
[Date "2020.09.08"]
[Round "5"]
[White "nrvisakh"]
[Black "Infernal_XaM"]
[Result "0-1"]
[WhiteElo "2737"]
[BlackElo "2912"]
[TimeControl "180+1"]
[EndTime "10:55:58 PDT"]
[Termination "Infernal_XaM won by resignation"]

1. e4 e5 2. Nf3 d6 3. Bc4 c6 4. O-O h6 5. d4 Qc7 6. a4 Nf6 7.
Nc3 Be7 8. h3 Nbd7 9. Re1 g5 10.
dxe5 dxe5 11. Nh2 Nf8 12. Ba2 Ng6 13. Qd3 Nf4 14. Bxf4 gxf4 15. Kh1 Rg8 16. Ne2 Rg7 17. Ng1 Bc5 18. Rf1 Bd7 19. b4 Bxb4 20. Rab1 Bc5 21.
Ngf3 O-O-O 22. Qc3 Nxe4 23. Qxe5 Qxe5 24. Nxe5 Bxf2 25. Nhg4 Ng3+ 26. Kh2 Nxf1+ 27. Rxf1 Bxg4 28. Rxf2 Be6 29. Bxe6+ fxe6 30. Nd3 Rd4 31. Re2 Rg6 32. Ne5 Rf6 33. Ng4 Rg6 34. Ne5 Rg8 35. Nf3 Rxa4 36. Rxe6 Rh8 37. Nh4 Rc4 38. Ng6 Rh7 39. Re2 a5 40. Ne5 Rc3 41. Nd3 Rf7 42. Ne5 Re7 0-1

[Event "*** SCC Grand Prix: Titled Tuesday Blitz"]
[Site "Chess.com"]
[Date "2020.09.08"]
[Round "5"]
[White "ChessicallyInclined"]
[Black "ChadaevNikolay"]
[Result "0-1"]
[WhiteElo "2558"]
[BlackElo "2819"]
[TimeControl "180+1"]
[EndTime "10:55:58 PDT"]
[Termination "ChadaevNikolay won by checkmate"]

1. d4 g6 2. e4 Bg7 3. Nf3 d6 4. Bc4 a6 5. O-O e6 6. Qe2 Ne7 7. Bg5 h6 8. Bh4 b6 9. Nbd2 Bb7 10. a4 Nd7 11. Rad1 g5 12. Bg3 Ng6 13. Kh1 h5 14. h3 g4 15. Ng1 Bxd4 16. f4 gxf3 17. Ngxf3 Bxb2 18. Bb3 h4 19. Bh2 Nde5 20. Nc4 Nxc4 21.
Qxc4 Qe7 22. Nd4 Bxe4 23. Nxe6 Qxe6 24. Qxc7 d5 25. Rfe1 O-O 26. Bxd5 Bxd5 27. Rxe6 Bxe6 28. Qxb6 Bg7 29. Re1 Rfe8 30. Bg1 a5 31. c4 Reb8 32. Qc6 Rc8 33. Qb7 Bxc4 34. Bb6 Rab8 35. Qa7 Bd5 36. Qxa5 Nf4 37. Bc7 Ra8 38. Qb6 Nxg2 39. Rg1 Rxa4 40.
Rxg2 Ra2 41. Be5 Bxg2+ 42. Kg1 Rc1+ 43. Kh2 Bxe5# 0-1

[Event "*** SCC Grand Prix: Titled Tuesday Blitz"]
[Site "Chess.com"]
[Date "2020.09.08"]
[Round "5"]
[White "latixxa"]
[Black "THE_PLAYER6"]
[Result "0-1"]
[WhiteElo "2143"]
[BlackElo "2465"]
[TimeControl "180+1"]
[EndTime "10:55:58 PDT"]
[Termination "THE_PLAYER6 won by resignation"]

1. c4 g6 2. Nc3 Bg7 3. Nf3 Nf6 4.
d4 O-O 5. Bg5 d5 6. e3 c6 7. Bd3 h6 8. Bxf6 Bxf6 9. Qc2 dxc4 10.
Bxc4 b5 11. Qxg6+ Bg7 12. Bb3 a5 13. Qd3 a4 14. Bc2 f5 15. O-O e6 16. Rae1 Ba6 17. Ne2 Nd7 18. e4 b4 19. Qd1 Nb6 20. exf5 exf5 21. b3 a3 22. Qb1 Nd5 23. Bd3 Bxd3 24. Qxd3 Qf6 25. Rc1 Rac8 26. Rfd1 Rfe8 27. h3 Re6 28.
Ng3 Rf8 29. Ne5 Qg5 30. Qd2 f4 31. Ne4 Qf5 32. Nc5 Rd6 33. Nf3 Rg6 34. Kh2 Bf6 35. Qd3 Qh5 36. Ne6 Rc8 37. Rc5 Be7 38. Nxf4 Nxf4 39.
Rxh5 Nxd3 40. Rxd3 Kh7 41. Rg5 hxg5 42. Ne5 Bd6 0-1

[Event "*** SCC Grand Prix: Titled Tuesday Blitz"]
[Site "Chess.com"]
[Date "2020.09.08"]
[Round "5"]
[White "ecwinslow"]
[Black "enriquebutti"]
[Result "0-1"]
[WhiteElo "2282"]
[BlackElo "1827"]
[TimeControl "180+1"]
[EndTime "10:55:58 PDT"]
[Termination "enriquebutti won by resignation"]

1. e4 c5 2. Nf3 d6 3. d4 cxd4 4. Nxd4 Nf6 5. Nc3 a6 6. Be2 e6 7. O-O Be7 8. f4 O-O 9. Kh1 Nc6 10. Be3 Qc7 11. a4 Nxd4 12. Qxd4 e5 13. Qd3 Be6 14. f5 Bd7 15. g4 Bc6 16. Bf3 h6 17. Rg1 Nh7 18. Rg2 Bg5 19. Bf2 Qe7 20. b4 Bh4 21.
Rd1 Bxf2 22. Rxf2 Qh4 23. Rg2 b6 24. b5 axb5 25. axb5 Bb7 26. Qxd6 Ng5 27. Be2 Nxe4 28. Qxb6 Nxc3 29. Qxb7 Nxd1 30. Bxd1 Ra1 31. Qd5 Qe1+ 32. Rg1 Qe3 33. c4 Rc8 34. Qd7 Rxc4 35. Qe8+ Kh7 36. Qxf7 Qe4+ 0-1

[Event "*** SCC Grand Prix: Titled Tuesday Blitz"]
[Site "Chess.com"]
[Date "2020.09.08"]
[Round "5"]
[White "Oligan22"]
[Black "Zarinur"]
[Result "1-0"]
[WhiteElo "2464"]
[BlackElo "2131"]
[TimeControl "180+1"]
[EndTime "10:55:59 PDT"]
[Termination "Oligan22 won by checkmate"]

1. e4 e5 2. Nf3 Nc6 3. Nc3 Nf6 4.
a3 a6 5. d4 exd4 6. Nxd4 Bc5 7. Be3 Bb6 8. Nf5 Bxe3 9. Nxe3 O-O 10. Qf3 Nd4 11. Qg3 d6 12. f3 Re8 13. O-O-O Nc6 14. Bd3 b5 15. Qh4 b4 16. axb4 Nxb4 17. g4 Nd7 18. Qxd8 Rxd8 19. Ned5 Nxd5 20. Nxd5 Ne5 21. Be2 Ra7 22. f4 Nxg4 23. Ne7+ Kh8 24. Nxc8 Rxc8 25. Bxg4 Rb8 26. e5 dxe5 27. fxe5 a5 28. Rhf1 Kg8 29.
Rd7 a4 30. Rfxf7 a3 31. Rxg7+ Kh8 32. Rxh7+ Kg8 33. Be6+ Kf8 34. Rh8# 1-0

[Event "*** SCC Grand Prix: Titled Tuesday Blitz"]
[Site "Chess.com"]
[Date "2020.09.08"]
[Round "5"]
[White "KatarinaOstojic"]
[Black "natelleka"]
[Result "1-0"]
[WhiteElo "2337"]
[BlackElo "2123"]
[TimeControl "180+1"]
[EndTime "10:56:00 PDT"]
[Termination "KatarinaOstojic won by resignation"]

1. d4 d5 2. Nf3 c5 3. e3 Nf6 4. c4 e6 5. Nc3 Nc6 6. a3 Be7 7.
dxc5 Bxc5 8. b4 Be7 9. Bb2 O-O 10.
Be2 dxc4 11. Bxc4 a5 12. b5 Nb8 13. a4 Nbd7 14. O-O Nc5 15. Qc2 Qc7 16. Be2 b6 17.
Rac1 Bb7 18. Nd4 Rac8 19. Qb1 Bd6 20. h3 Qb8 21. Rfd1 Rfd8 22. Qa2 Qa8 23. Bf3 Nfe4 24. Nxe4 Bxe4 25. Nc6 Bxf3 26. gxf3 Rxc6 27. bxc6 Qxc6 28. Qc4 Qxf3 29. Qh4 f6 30. Qg4 Qxg4+ 31. hxg4 Nxa4 32. Ba3 Nc5 33. Bxc5 bxc5 34. Kg2 Kf7 35. Rxc5 Bxc5 36. Rxd8 a4 37. Ra8 a3 38. Kf3 Kg6 39. Ke2 h5 40. gxh5+ Kxh5 41. Ra5 a2 42. Rxc5+ e5 43. Ra5 1-0

[Event "*** SCC Grand Prix: Titled Tuesday Blitz"]
[Site "Chess.com"]
[Date "2020.09.08"]
[Round "5"]
[White "sasko1234"]
[Black "chessplayer9919"]
[Result "1-0"]
[WhiteElo "2425"]
[BlackElo "2589"]
[TimeControl "180+1"]
[EndTime "10:56:01 PDT"]
[Termination "sasko1234 won on time"]

1. b3 e5 2. Bb2 Nc6 3. e3 d6 4. Nf3 Nf6 5. d4 e4 6. d5 Nb4 7. Nfd2 Nbxd5 8. Nxe4 Nxe4 9. Qxd5 Nf6 10. Qd2 Be7 11. Nc3 O-O 12. O-O-O a5 13. a4 c6 14.
f3 d5 15. g4 Bc5 16. e4 Qb6 17. Kb1 dxe4 18. Nxe4 Nxe4 19. fxe4 Bxg4 20. Qg5 f6 21.
Bc4+ Kh8 22. Qxg4 Rad8 23. h4 Bd4 24. h5 Bxb2 25. Kxb2 Qc7 26. h6 g6 27. Kb1 b5 28.
axb5 cxb5 29. Bxb5 a4 30. Bxa4 Qc3 31. Rd7 f5 32. exf5 Rxd7 33. Bxd7 Ra8 34. Ba4 Rc8 35. Rc1 Rg8 36. fxg6 Rxg6 37. Qf4 Qc8 38. Rf1 1-0

[Event "*** SCC Grand Prix: Titled Tuesday Blitz"]
[Site "Chess.com"]
[Date "2020.09.08"]
[Round "5"]
[White "eightbyeightchess"]
[Black "wonderfultime"]
[Result "0-1"]
[WhiteElo "2439"]
[BlackElo "2917"]
[TimeControl "180+1"]
[EndTime "10:56:01 PDT"]
[Termination "wonderfultime won by resignation"]

1. e4 c5 2. Nf3 Nf6 3. e5 Nd5 4.
d4 cxd4 5. c3 Nc6 6. cxd4 d6 7.
Bc4 dxe5 8. dxe5 Ndb4 9. Qe2 Bf5 10. Na3 Bd3 11. Bxd3 Qxd3 12. Be3 Rd8 13. Qxd3 Nxd3+ 14.
Ke2 e6 15. Rhd1 Nxb2 16. Rxd8+ Kxd8 17. Nb5 a6 18. Bb6+ Kd7 19. Nbd4 Na4 20. Nxc6 Kxc6 21. Be3 Bc5 22. Ng5 Bxe3 23. Kxe3 f6 24. Nxe6 Re8 25. Nxg7 Rxe5+ 26. Kf3 b5 27. g4 b4 28. Nh5 Re6 29. Nf4 Rd6 30. Ke4 Nc3+ 31. Kf5 a5 32. Ne6 a4 33. f4 Kd5 34. Nc7+ Kc4 35. Ne8 Rd5+ 36. Kxf6 b3 37. axb3+ axb3 38. Nc7 b2 39. Rf1 Rd1 0-1

[Event "*** SCC Grand Prix: Titled Tuesday Blitz"]
[Site "Chess.com"]
[Date "2020.09.08"]
[Round "5"]
[White "Kotofeyca"]
[Black "Bodnar_Mykola"]
[Result "0-1"]
[WhiteElo "2356"]
[BlackElo "2528"]
[TimeControl "180+1"]
[EndTime "10:56:01 PDT"]
[Termination "Bodnar_Mykola won by checkmate"]

1. d4 Nf6 2. c4 e6 3. Nf3 b6 4. g3 Bb7 5. Bg2 Be7 6. Nc3 O-O 7.
Qc2 c5 8. dxc5 bxc5 9. O-O d6 10. Rd1 Nc6 11. Bf4 e5 12. Bg5 Rb8 13. e3 Ne8 14. Bxe7 Qxe7 15. Nd5 Qd8 16. Rd2 Nc7 17. Nh4 Nxd5 18.
Bxd5 Nb4 19. Qa4 Nxd5 20. cxd5 Qb6 21. e4 g6 22. Ng2 Rfc8 23. b3 Qb4 24. Qxb4 cxb4 25.
Ne3 Ba6 26. f3 Rc3 27. Kf2 Rbc8 28. Rad1 Bb5 29. f4 exf4 30. gxf4 Re8 31. Rd4 f5 32.
Rxb4 Rxe4 33. Rxb5 Rcxe3 34. Rb7 Re2+ 35. Kg3 R4e3+ 36. Kh4 h6 37. Rh1 Rf2 38. Rb4 a5 39. Ra4 Kg7 40. h3 Kf6 41. Rg1 Rff3 42. Rh1 g5+ 43.
fxg5+ hxg5+ 44. Kh5 Re8 45. Rxa5 Rh8# 0-1

[Event "*** SCC Grand Prix: Titled Tuesday Blitz"]
[Site "Chess.com"]
[Date "2020.09.08"]
[Round "5"]
[White "DishonorOnYourCow"]
[Black "CzechmVIII"]
[Result "1-0"]
[WhiteElo "2349"]
[BlackElo "2173"]
[TimeControl "180+1"]
[EndTime "10:56:01 PDT"]
[Termination "DishonorOnYourCow won on time"]

1. d4 Nf6 2. c4 c5 3. d5 b5 4. cxb5 a6 5. bxa6 e6 6. Nc3 exd5 7. Nxd5 Be7 8. Nxe7 Qxe7 9. e3 O-O 10. Nf3 Rd8 11. Be2 d5 12. O-O Bxa6 13. Bxa6 Nxa6 14. b3 Ne4 15. Bb2 Nc7 16. h3 Ra6 17. Nd2 Rg6 18.
Nxe4 dxe4 19. Qh5 Rd5 20. Qe2 Rdg5 21. g3 h5 22. Kh2 h4 23. Rg1 hxg3+ 24. fxg3 Ne6 25.
Rad1 Rh6 26. g4 f5 27. gxf5 Rxf5 28. Rg3 Qh4 29. Rdg1 Rf7 30. Qg4 Qxg4 31. Rxg4 Rf2+ 32. R1g2 Rf3 33. Bxg7 1-0

[Event "*** SCC Grand Prix: Titled Tuesday Blitz"]
[Site "Chess.com"]
[Date "2020.09.08"]
[Round "5"]
[White "RamyresCoelho"]
[Black "alejogarcia1999"]
[Result "0-1"]
[WhiteElo "1801"]
[BlackElo "2363"]
[TimeControl "180+1"]
[EndTime "10:56:02 PDT"]
[Termination "alejogarcia1999 won by checkmate"]

1. e4 c5 2. Nf3 e6 3. d4 cxd4 4. Nxd4 Nc6 5. Nc3 Nf6 6. f3 Bb4 7. Be3 d5 8. Nxc6 bxc6 9. exd5 exd5 10. a3 Bd6 11. Qd2 O-O 12. Be2 Re8 13. O-O-O Be6 14. g4 Qc7 15. g5 Nh5 16. h4 g6 17. Kb1 Rab8 18. Ka1 Qe7 19. Nb1 Bf5 20. Bxa7 Qxa7 21. Bd3 Bf4 22. Qc3 Be5 23. Qxc6 Bxb2+ 24. Ka2 Bg7 25. c3 Bxd3 26. Rxd3 Re2+ 27. Nd2 Ra8 28. a4 Qxa4+ 29. Qxa4 Rxa4+ 30. Kb3 Ra5 31. c4 dxc4+ 32. Kxc4 Ra4+ 33. Kb3 Ra8 34. Rc1 Nf4 35. Rd7 Rb8+ 36. Ka4 Re6 37. Ra7 Bd4 38. Ra5 Reb6 39. Rc4 Ne6 40.
Ne4 Rb1 41. Nf6+ Bxf6 42. gxf6 Ra1# 0-1

[Event "*** SCC Grand Prix: Titled Tuesday Blitz"]
[Site "Chess.com"]
[Date "2020.09.08"]
[Round "5"]
[White "renehp"]
[Black "Abdimalik_Abdisalimov"]
[Result "1-0"]
[WhiteElo "2565"]
[BlackElo "2736"]
[TimeControl "180+1"]
[EndTime "10:56:05 PDT"]
[Termination "renehp won by resignation"]

1. e4 c5 2. Nf3 d6 3. d4 cxd4 4. Nxd4 Nf6 5. Nc3 a6 6. Be3 e5 7. Nb3 Be6 8. Be2 Nbd7 9. O-O Rc8 10. Qd3 Bc4 11. Qd2 Be7 12. Rad1 O-O 13. f3 b5 14. Rf2 b4 15. Nd5 Nxd5 16. exd5 a5 17. Bxc4 Rxc4 18. Qe2 Rc8 19. Qb5 Ra8 20. f4 Qc7 21.
fxe5 Nxe5 22. Qe2 Rfe8 23. Bc1 Bf8 24. Qf1 Qb7 25. h3 a4 26. Nd4 Qxd5 27. Nf5 Qxa2 28. Nxd6 Bxd6 29. Rxd6 Rac8 30. Rd4 b3 31. cxb3 axb3 32.
Rd1 Nc4 33. Rxf7 Nxb2 34. Rdd7 Qb1 35. Rxg7+ Kh8 36. Rxh7+ Qxh7 37. Bxb2+ 1-0

[Event "*** SCC Grand Prix: Titled Tuesday Blitz"]
[Site "Chess.com"]
[Date "2020.09.08"]
[Round "5"]
[White "ketster"]
[Black "novocane"]
[Result "1-0"]
[WhiteElo "2453"]
[BlackElo "2297"]
[TimeControl "180+1"]
[EndTime "10:56:05 PDT"]
[Termination "ketster won on time"]

1. d4 Nf6 2. c4 e6 3. g3 Bb4+ 4.
Bd2 a5 5. Bg2 Nc6 6. Nf3 d6 7. O-O e5 8. Bc1 exd4 9. Nxd4 Bd7 10. Nxc6 Bxc6 11. Bxc6+ bxc6 12. Qa4 Qd7 13. a3 Bc5 14. b4 Ba7 15. Bb2 Ne4 16. Qc2 f5 17. Nd2 Nxd2 18. Qxd2 O-O 19. e3 Rae8 20. c5 Qe7 21.
cxd6 cxd6 22. Rfd1 d5 23. bxa5 f4 24. exf4 Qe2 25.
Bd4 Bb8 26. a6 Bxf4 27. Qxe2 Rxe2 28. gxf4 Rxf4 29. a7 1-0

[Event "*** SCC Grand Prix: Titled Tuesday Blitz"]
[Site "Chess.com"]
[Date "2020.09.08"]
[Round "5"]
[White "crescentmoon2411"]
[Black "PSvidler"]
[Result "0-1"]
[WhiteElo "2766"]
[BlackElo "2927"]
[TimeControl "180+1"]
[EndTime "10:56:06 PDT"]
[Termination "PSvidler won by resignation"]

1. c4 g6 2. Nc3 c5 3. Nf3 Bg7 4.
g3 Nc6 5. Bg2 d6 6. O-O Bf5 7.
d3 Qd7 8. Rb1 Nf6 9. a3 Bh3 10.
Bg5 O-O 11. Qd2 Bxg2 12. Kxg2 Rfe8 13. Bxf6 Bxf6 14. Nd5 Bg7 15. b4 b6 16. h4 e6 17. Nf4 cxb4 18. axb4 a5 19. bxa5 bxa5 20. h5 a4 21. hxg6 hxg6 22. Qa2 a3 23. Rb3 Bb2 24. Rxb2 axb2 25. Qxb2 Rab8 26. Qc3 Qb7 27. Rh1 Ne5 28. Qd4 Red8 29. Nd5 Qb2 30. Qh4 Nxf3 31.
exf3 exd5 32. d4 Kf8 33. Re1 Kg7 34. Re7 Rh8 35. Qf4 Rbf8 36. Qxd6 Qxd4 0-1

[Event "*** SCC Grand Prix: Titled Tuesday Blitz"]
[Site "Chess.com"]
[Date "2020.09.08"]
[Round "5"]
[White "dopolian"]
[Black "Rozum_Ivan"]
[Result "0-1"]
[WhiteElo "2483"]
[BlackElo "2714"]
[TimeControl "180+1"]
[EndTime "10:56:09 PDT"]
[Termination "Rozum_Ivan won on time"]

1. e4 c5 2. Nf3 Nc6 3. d4 cxd4 4. Nxd4 Nf6 5. Nc3 e5 6. Ndb5 d6 7. Bg5 a6 8. Na3 b5 9. Nd5 Be7 10. Bxf6 Bxf6 11. c4 b4 12. Nc2 a5 13. Qf3 Bg5 14. Be2 O-O 15. O-O Be6 16. Rfd1 Rb8 17. b3 Qd7 18.
Nde3 Qc7 19. g3 Kh8 20. h4 Bxe3 21.
Qxe3 Rfd8 22. Rd2 Rd7 23. Rad1 Rbd8 24. f4 f6 25. h5 h6 26. Kh2 Nb8 27. Bf1 Na6 28. Bh3 Nc5 29. Bxe6 Nxe6 30. Rd5 Nc5 31. Ne1 exf4 32. gxf4 Re8 33. R5d4 f5 34. e5 dxe5 35. fxe5 Rxd4 36. Qxd4 Rxe5 37. Kg1 Re8 38. Nf3 Qg3+ 0-1

[Event "*** SCC Grand Prix: Titled Tuesday Blitz"]
[Site "Chess.com"]
[Date "2020.09.08"]
[Round "5"]
[White "NikolaGry"]
[Black "kot60"]
[Result "0-1"]
[WhiteElo "2589"]
[BlackElo "2426"]
[TimeControl "180+1"]
[EndTime "10:56:10 PDT"]
[Termination "kot60 won on time"]

1. b3 d5 2. Bb2 Bf5 3. Nf3 e6 4. c4 h6 5. e3 Nf6 6. Nc3 c6 7. h3 Nbd7 8. a3 Be7 9. d4 O-O 10. g4 Bh7 11. g5 hxg5 12. Nxg5 Bg6 13. Bd3 Bxd3 14. Qxd3 Re8 15. O-O-O Nf8 16. Rdg1 N6h7 17. Nxh7 Nxh7 18. e4 Bg5+ 19. Kb1 Bh6 20. Rg2 a6 21. Rhg1 b5 22. cxd5 cxd5 23. Bc1 Qh4 24. Bxh6 Qxh6 25.
exd5 exd5 26. Nxd5 Rad8 27. Ne3 Qf6 28. d5 Nf8 29.
Rxg7+ Qxg7 30. Rxg7+ Kxg7 31. Qd4+ f6 32. h4 Kf7 33.
Qg4 Ng6 34. h5 Ne5 35. Qf5 Re7 36. a4 bxa4 0-1

[Event "*** SCC Grand Prix: Titled Tuesday Blitz"]
[Site "Chess.com"]
[Date "2020.09.08"]
[Round "5"]
[White "swimmerchess"]
[Black "Konavets"]
[Result "0-1"]
[WhiteElo "2857"]
[BlackElo "3076"]
[TimeControl "180+1"]
[EndTime "10:56:11 PDT"]
[Termination "Konavets won by resignation"]

1. e4 c6 2. d4 d5 3. e5 Bf5 4. Nf3 e6 5. Be2 Ne7 6. O-O h6 7. Nbd2 Nd7 8. Nb3 g5 9. a4 Qc7 10. a5 a6 11. Be3 Bg7 12. Ne1 c5 13. c3 Nc6 14. f4 gxf4 15. Bxf4 c4 16. Nd2 Nxa5 17. Nc2 Nc6 18. Ne3 Ne7 19. Bh5 Bg6 20. Qg4 O-O-O 21. Bg3 Rhf8 22. Bh4 Nxe5 23. dxe5 Qxe5 24.
Bxe7 Bxh5 25. Qg3 Qxg3 26. hxg3 Be2 27. Bxf8 Rxf8 28. Rf2 Bd3 29. b3 Bxc3 30. Rc1 Bd4 31. Rf3 Be2 32. Kf2 Bxf3 33. Nxf3 Bxe3+ 34. Kxe3 b5 35. b4 Kc7 36. Rh1 Kb6 37. Ne5 Rg8 38. g4 a5 39. bxa5+ Kxa5 40. Kd4 f6 41. Kc5 Ka4 42.
Nc6 e5 43. Rxh6 c3 44. Rh1 Rxg4 45. Ra1+ Kb3 46. Kxd5 c2 0-1

[Event "*** SCC Grand Prix: Titled Tuesday Blitz"]
[Site "Chess.com"]
[Date "2020.09.08"]
[Round "5"]
[White "ShahMatKanal"]
[Black "AlexOstrovskiy"]
[Result "0-1"]
[WhiteElo "2538"]
[BlackElo "2735"]
[TimeControl "180+1"]
[EndTime "10:56:12 PDT"]
[Termination "AlexOstrovskiy won on time"]

1. e4 e6 2. Nf3 d5 3. e5 c5 4. b4 cxb4 5. d4 Nc6 6. a3 bxa3 7. Bxa3 Bxa3 8. Rxa3 Nge7 9. Bd3 h6 10. h4 Bd7 11.
Rh3 Rc8 12. c3 b5 13. Bxb5 Nxe5 14. Nxe5 Bxb5 15. Qh5 O-O 16. g4 f6 17. g5 fxe5 18.
gxh6 Rf5 19. Qg4 g6 20. Rxa7 Rc7 21. h5 g5 22. Ra5 Rb7 23. Nd2 Qxa5 24. h7+ Kxh7 25.
f4 Qa1+ 26. Kf2 Rxf4+ 27. Qxf4 gxf4 0-1

[Event "*** SCC Grand Prix: Titled Tuesday Blitz"]
[Site "Chess.com"]
[Date "2020.09.08"]
[Round "5"]
[White "2nd_life"]
[Black "Tenamu"]
[Result "1-0"]
[WhiteElo "2538"]
[BlackElo "2366"]
[TimeControl "180+1"]
[EndTime "10:56:12 PDT"]
[Termination "2nd_life won by resignation"]

1. e4 e5 2. f4 d5 3. exd5 exf4 4. Nf3 Nf6 5. Nc3 Nxd5 6. Nxd5 Qxd5 7. d4 Bf5 8. Bxf4 Bd6 9. Bxd6 Qxd6 10. Bd3 Qe6+ 11. Kf2 Bxd3 12. Qxd3 O-O 13. c4 Nd7 14. Rae1 Qf6 15.
Re4 Rad8 16. Qe3 h6 17. Re1 a5 18. b3 Qd6 19. h3 Nf6 20. Re5 Rfe8 21. g4 Qd7 22.
Qf4 Rxe5 23. Rxe5 Nh7 24. Qe3 Nf8 25. Re7 Qd6 26. c5 Qc6 27. Rxf7 Re8 28. Re7 Rd8 29.
Qf4 Ng6 30. Qf7+ 1-0

[Event "*** SCC Grand Prix: Titled Tuesday Blitz"]
[Site "Chess.com"]
[Date "2020.09.08"]
[Round "5"]
[White "politeplayer"]
[Black "Happy1712Drummer"]
[Result "0-1"]
[WhiteElo "2244"]
[BlackElo "2414"]
[TimeControl "180+1"]
[EndTime "10:56:12 PDT"]
[Termination "Happy1712Drummer won on time"]

1. e4 e6 2. d4 d5 3. exd5 Qxd5 4.
Nf3 c5 5. Nc3 Qd8 6. d5 exd5 7.
Nxd5 Be6 8. Bb5+ Nd7 9. O-O a6 10. Bxd7+ Qxd7 11. Re1 Rd8 12. c4 Bd6 13. Bg5 Ne7 14. Ne5 Qc8 15. Qh5 Bxd5 16. cxd5 O-O 17. Ng4 Qf5 18. Ne3 Qg6 19. Qxg6 hxg6 20. Nc4 Nxd5 21.
Nxd6 Rxd6 22. Rad1 f6 23. Bf4 Rd7 24. Bg3 Rfd8 25.
Rd2 Kf7 26. Ree2 Nb6 0-1